 Dungeon Sprint DCSS version 0.32-a0 (webtiles) character file.

Game seed: 2534189348234862335

10944 Conn the Arsonist (level 11, -12/72 HPs)
             Began as an Octopode Fire Elementalist on Jan 13, 2024.
             Was a High Priest of Sif Muna.
             Mangled by a bone dragon (15 damage)
             ... in the Dungeon (Sprint II: "The Violet Keep of Menkaure").
             The game lasted 00:37:36 (2585 turns).

Conn the Arsonist (Octopode Fire Elementalist)      Turns: 2585, Time: 00:37:37

Health: -12/72     AC:  5    Str:  7    XL:     11   Next: 70%
Magic:  27/27      EV: 17    Int: 21    God:    Sif Muna [*****.]
Gold:   155        SH:  0    Dex: 14    Spells: 10/34 levels left

rFire   + . .        b - +3 Elemental Staff {ele, rElec rF+ rC+ AC+3}
rCold   + + .        (no shield)
rNeg    . . .        m - +1 hat
rPois   +            (no amulet)
rElec   +            j - ring of protection from cold
rCorr   .            c - ring of poison resistance
SInv    .            (no ring)
Will    .....        (no ring)
Stlth   ++           (no ring)
HPRegen 0.32/turn    (no ring)
MPRegen 0.20/turn    (no ring)
                     (no ring)

%: no teleportation
@: confused, ambrosia-drunk
A: almost no armour, amphibious, 8 rings, camouflage 1, gelatinous body 1,
(nimble swimmer 1), tentacles
a: Renounce Religion, Channel Magic, Forget Spell, Divine Exegesis


You were in the Dungeon.
You worshipped Sif Muna.
Sif Muna was extremely pleased with you.
You visited 1 branch You collected 1675 gold pieces.
You spent 1520 gold pieces at shops.

Inventory:

Hand Weapons
 a - a +1 dagger of protection
 b - the +3 Elemental Staff (weapon) {ele, rElec rF+ rC+ AC+3}
   (You bought it in a shop in the Dungeon)

   AC+3:      It affects your AC (+3).
   rF+:       It protects you from fire.
   rC+:       It protects you from cold.
   rElec:     It insulates you from electricity.
Missiles
 t - 4 poisoned darts
Armour
 m - a +1 hat (worn)
 u - a +0 kite shield
Magical Staves
 f - a staff of alchemy
Jewellery
 c - a ring of poison resistance (right tentacle)
 j - a ring of protection from cold (left tentacle)
Scrolls
 o - a scroll of immolation
 p - a scroll of silence
Potions
 e - 4 potions of magic
 g - 2 potions of degeneration
 i - 2 potions of resistance
 k - 5 potions of enlightenment
 l - a potion of brilliance
 q - 2 potions of curing


   Skills:
 + Level 5.4 Fighting
 + Level 9.4 Dodging
 - Level 4.8 Stealth
 + Level 5.5 Shields
 - Level 1.4 Unarmed Combat
 + Level 12.4 Spellcasting
 + Level 11.0 Conjurations
 - Level 3.0 Hexes
 - Level 6.0 Translocations
 + Level 14.8 Fire Magic
 - Level 4.1 Ice Magic
 - Level 4.1 Air Magic
 - Level 4.5 Alchemy
 * Level 10.1 Invocations


You had 10 spell levels left.
You knew the following spells:

 Your Spells              Type           Power      Damage    Failure   Level
a - Foxfire               Conj/Fire      100%       2x1d9     1%          1
b - Scorch                Fire           100%       2d9       1%          2
c - Inner Flame           Hex/Fire       66%        N/A       1%          3
d - Flame Wave            Conj/Fire      79%        2d17      1%          4
e - Mephitic Cloud        Conj/Alch/Air  57%        N/A       1%          3
f - Blink                 Tloc           76%        N/A       1%          2
g - Freezing Cloud        Conj/Ice/Air   37%        6-21      10%         5
h - Iskenderun's Mystic   Conj/Tloc      48%        2d11      1%          4

Your spell library contained the following spells:

 Spells                   Type           Power      Damage    Failure   Level
 Apportation              Tloc           76%        N/A       1%          1
 Kiss of Death            Conj/Necr      100%       2d13      1%          1
 Shock                    Conj/Air       100%       1d9       1%          1
 Ensorcelled Hibernation  Hex/Ice        84%        N/A       1%          2
 Lesser Beckoning         Tloc           76%        N/A       1%          2
 Mercury Vapours          Alch/Air       92%        N/A       1%          2
 Momentum Strike          Conj/Tloc      96%        3d10      1%          2
 Volatile Blastmotes      Fire/Tloc      100%       2d18      1%          3
 Fulminant Prism          Conj/Alch      22%        3d12      1%          4
 Swiftness                Air            45%        N/A       2%          3
 Confusing Touch          Hex            25%        N/A       4%          3
 Vhi's Electric Charge    Tloc/Air       100%       N/A       6%          4
 Irradiate                Conj/Alch      22%        3d19      6%          5
 Airstrike                Air            22%        2d(4-20)  10%         4
 Passwall                 Erth           19%        N/A       16%         3
 Dispel Undead            Necr           13%        3d9       45%         4
 Disjunction              Tloc           19%        N/A       100%        8


Dungeon Overview and Level Annotations

Branches:
Dungeon (1/1)

Altars:
Cheibriados
Dithmenos
Elyvilon
Fedhas
Gozag
Hepliaklqana
Kikubaaqudgha
Makhleb
Nemelex Xobeh
Okawaru
Qazlal
Ru
Sif Muna
Trog
Uskayaw
Vehumet
Wu Jian
Xom
Yredelemnul
Zin
The Shining One
Jiyva
Lugonu

Shops:
D =?::((*=!![(![!

Annotations:
D exclusions: ice statue and oklob plant, Roxanne


Innate Abilities, Weirdness & Mutations

You cannot wear most types of armour.
You are amphibious.
You can wear up to eight rings at the same time.
Your skin changes colour to match your surroundings (Stealth+).
Your rubbery body absorbs attacks. (AC +1, EV +1)
((You are camouflaged when in or above water. (Stealth+)))
You have tentacles for arms and can constrict up to eight enemies at once.


Message History

You erupt in a blast of force!
The mystic blast hits the hell hog.
You kill the hell hog!
Sif Muna accepts your kill.
The mystic blast hits the hell hog!
You kill the hell hog!
Sif Muna accepts your kill.
Your Fighting skill increases to level 5!
Your Conjurations skill increases to level 11!
Your Invocations skill increases to level 10!
Unknown command.
Unknown command.
Casting: Iskenderun's Mystic Blast (dangerous; 1% risk of failure)
Confirm with . or Enter, or press ? or * to list all spells.
You erupt in a blast of force!
The mystic blast hits the cane toad!
The cane toad is moderately wounded.
The cane toad is knocked back by the mystic blast.
You close the door, pushing everything out of the way.
You start resting.
A bone dragon comes into view.
Okay, then.
Unknown command.
Okay, then.
Okay, then.
Unknown command.
Casting: Iskenderun's Mystic Blast (dangerous; 1% risk of failure)
Confirm with . or Enter, or press ? or * to list all spells.
Okay, then.
Unknown command.
Okay, then.
Okay, then.
Magic courses through your body.
Unknown command.
Unknown command.
You are confused.
You feel invigorated. The bone dragon bites you!!
* * * LOW HITPOINT WARNING * * *
The bone dragon claws you but does no damage.
The bone dragon tramples you!
You die...

########## E!$.$.'F.#
#..#### #+##..####+####
#@D'.##≈≈≈≈≈≈≈##
#..###°○○○≈≈≈≈≈##
####..'≈≈≈≈○8≈≈○≈≈#
#...####○○○○≈≈○≈≈#
D2D......)## ○≈≈≈≈≈#
############~~#+++#+++##
###########~~~.........#
##........#~~~~.##'##..#
##....⌠...#~~~~##.).##.###


You could see a bone dragon.

Vanquished Creatures
  A kraken (D)
  Kirke (D)
  A yaktaur captain (D)
  A centaur warrior (D)
  2 boulder beetles (D)
  2 hell hogs (D)
  2 deep trolls (D)
  A skeletal warrior (D)
  A slime creature (D)
  An elephant (D)
  A merfolk siren (D)
  A cane toad (D)
  A kobold demonologist (D)
  A yaktaur (D)
  3 polar bears (D)
  A hornet (D)
  A vampire mosquito (D)
  Menkaure (D)
  5 crocodiles (D)
  5 necrophages (D)
  An iron imp (D)
  3 ribbon worms (D)
  2 tentacles (D)
39 creatures vanquished.

Vanquished Creatures (others)
  77 foxfires (D)
  62 tentacles (D)
139 creatures vanquished.

Grand Total: 178 creatures vanquished

Notes
Turn   | Place    | Note
-------+----------+-------------------------------------------
     0 | D        | Conn the Octopode Fire Elementalist began the quest for the
                  | Orb.
     0 | D        | Reached XP level 1. HP: 11/11 MP: 3/3
     5 | D        | Noticed a merfolk siren
     8 | D        | Noticed a boulder beetle
     8 | D        | Noticed a boulder beetle
    11 | D        | Noticed a necrophage
    11 | D        | Noticed a necrophage
    11 | D        | Noticed a necrophage
    11 | D        | Noticed a necrophage
    19 | D        | Killed a necrophage
    20 | D        | Reached skill level 6 in Fire Magic
    20 | D        | Reached XP level 2. HP: 17/17 MP: 1/6
    20 | D        | Reached XP level 3. HP: 21/21 MP: 1/8
    20 | D        | Reached XP level 4. HP: 27/27 MP: 1/9
    22 | D        | Killed a necrophage
    23 | D        | Reached skill level 1 in Unarmed Combat
    23 | D        | Reached skill level 7 in Fire Magic
    23 | D        | Reached XP level 5. HP: 24/31 MP: 1/11
    28 | D        | Reached skill level 8 in Fire Magic
    34 | D        | Reached skill level 5 in Spellcasting
    34 | D        | Reached skill level 9 in Fire Magic
    34 | D        | Reached XP level 6. HP: 22/36 MP: 2/13
    52 | D        | Learned a level 2 spell: Scorch
    56 | D        | Learned a level 3 spell: Inner Flame
    61 | D        | Learned a level 4 spell: Flame Wave
    62 | D        | Noticed Roxanne
    64 | D        | Noticed Menkaure
    68 | D        | Killed Menkaure
    69 | D        | Reached skill level 5 in Dodging
    78 | D        | Reached skill level 5 in Conjurations
    78 | D        | Reached skill level 10 in Fire Magic
    82 | D        | Found a snail-covered altar of Cheibriados.
    83 | D        | Found a shadowy altar of Dithmenos.
    84 | D        | Found a white marble altar of Elyvilon.
    84 | D        | Found an ancient bone altar of Kikubaaqudgha.
    84 | D        | Found a viscous altar of Jiyva.
    85 | D        | Found a blossoming altar of Fedhas.
    85 | D        | Found a corrupted altar of Lugonu.
    85 | D        | Found a shimmering blue altar of Sif Muna.
    86 | D        | Found an opulent altar of Gozag.
    86 | D        | Found a burning altar of Makhleb.
    86 | D        | Found a bloodstained altar of Trog.
    87 | D        | Found a sparkling altar of Nemelex Xobeh.
    87 | D        | Found a hide-covered altar of Uskayaw.
    88 | D        | Found a basalt altar of Yredelemnul.
    89 | D        | Found an iron altar of Okawaru.
    89 | D        | Found a radiant altar of Vehumet.
    89 | D        | Found a glowing silver altar of Zin.
    89 | D        | Found a hazy altar of Hepliaklqana.
    89 | D        | Found a sacrificial altar of Ru.
    89 | D        | Found a shimmering altar of Xom.
    90 | D        | Found a stormy altar of Qazlal.
    90 | D        | Found an ornate altar of the Wu Jian Council.
    90 | D        | Found a glowing golden altar of the Shining One.
    96 | D        | Became a worshipper of Sif Muna the Loreminder
    98 | D        | Noticed a laughing skull
   110 | D        | Noticed a kraken
   293 | D        | Reached XP level 7. HP: 41/41 MP: 9/16
   301 | D        | Reached skill level 11 in Fire Magic
   310 | D        | Reached * piety under Sif Muna
   418 | D        | Noticed a deep troll
   421 | D        | Noticed a deep troll
   425 | D        | Killed a deep troll
   426 | D        | Reached skill level 12 in Fire Magic
   426 | D        | Reached XP level 8. HP: 46/46 MP: 7/20
   508 | D        | Killed a deep troll
   509 | D        | Reached skill level 1 in Hexes
   509 | D        | Reached XP level 9. HP: 51/51 MP: 2/22
   669 | D        | Noticed a yaktaur
   669 | D        | Noticed a hornet
   669 | D        | Noticed a polar bear
   672 | D        | Noticed a polar bear
   672 | D        | Noticed a polar bear
   679 | D        | Killed a polar bear
   679 | D        | Reached ** piety under Sif Muna
   679 | D        | Killed a yaktaur
   679 | D        | Killed a hornet
   679 | D        | Killed a polar bear
   680 | D        | Reached skill level 10 in Spellcasting
   680 | D        | Reached skill level 13 in Fire Magic
   681 | D        | Killed a polar bear
   681 | D        | Reached *** piety under Sif Muna
   686 | D        | Noticed a death drake
   707 | D        | HP: 2/51 [death drake/foul vapour (13)]
   996 | D        | Noticed an ice statue
  1000 | D        | Killed a merfolk siren
  1001 | D        | Reached skill level 5 in Invocations
  1053 | D        | Reached **** piety under Sif Muna
  1061 | D        | Found Fiesov's Distillery.
  1061 | D        | Found Rebe's Antique Armour Shoppe.
  1061 | D        | Found Ilumpat's Weapon Emporium.
  1061 | D        | Found Wifemoeq's Distillery.
  1061 | D        | Found Pellimax's Antique Armour Shoppe.
  1062 | D        | Found Butuplan's Distillery.
  1062 | D        | Found Alingi's Jewellery Emporium.
  1072 | D        | Found Temofito's General Store.
  1072 | D        | Found Cewigg's Antique Weapon Emporium.
  1072 | D        | Noticed an ice dragon
  1074 | D        | Found Amivvacw's Distillery.
  1083 | D        | Reached XP level 10. HP: 42/56 MP: 16/25
  1108 | D        | Found Askaceil's Weapon Shoppe.
  1108 | D        | Found Moapis's Book Emporium.
  1108 | D        | Noticed an oklob plant
  1109 | D        | Found Sala's Magic Scroll Shoppe.
  1109 | D        | Found Hugruti's Jewellery Emporium.
  1109 | D        | Found Leunaala's Book Shoppe.
  1125 | D        | Bought the +3 Elemental Staff {ele, rElec rF+ rC+ AC+3} for
                  | 571 gold pieces
  1125 | D        | Found the +3 Elemental Staff {ele, rElec rF+ rC+ AC+3}
  1126 | D        | Noticed a fire dragon
  1130 | D        | Bought a book of Spatial Translocations for 216 gold pieces
  1130 | D        | Bought a book of Vapours for 312 gold pieces
  1134 | D        | Learned a level 3 spell: Mephitic Cloud
  1137 | D        | Learned a level 2 spell: Blink
  1143 | D        | Learned a level 5 spell: Freezing Cloud
  1146 | D        | Bought a potion of lignification for 42 gold pieces
  1172 | D        | Killed a boulder beetle
  1173 | D        | Reached skill level 1 in Fighting
  1173 | D        | Reached skill level 1 in Shields
  1173 | D        | Reached skill level 1 in Translocations
  1173 | D        | Reached skill level 14 in Fire Magic
  1173 | D        | Reached skill level 1 in Ice Magic
  1173 | D        | Reached skill level 1 in Air Magic
  1173 | D        | Reached skill level 1 in Alchemy
  1185 | D        | Killed a boulder beetle
  1231 | D        | Bought a glowing hat for 119 gold pieces
  1269 | D        | Noticed a death drake
  1864 | D        | Killed a kraken
  1865 | D        | Reached skill level 10 in Conjurations
  2075 | D        | Noticed Kirke
  2075 | D        | Noticed a kobold demonologist
  2075 | D        | Noticed a skeletal warrior
  2075 | D        | Noticed a yaktaur captain
  2075 | D        | Noticed a centaur warrior
  2076 | D        | Noticed an elephant
  2093 | D        | Killed a skeletal warrior
  2098 | D        | Killed a yaktaur captain
  2098 | D        | Reached ***** piety under Sif Muna
  2098 | D        | Killed an elephant
  2098 | D        | Killed a kobold demonologist
  2099 | D        | Reached skill level 5 in Translocations
  2099 | D        | Reached XP level 11. HP: 68/68 MP: 1/27
  2117 | D        | Noticed a lindwurm
  2117 | D        | Killed Kirke
  2193 | D        | Killed a centaur warrior
  2193 | D        | Received a gift from Sif Muna
  2194 | D        | Got Mathuroa's Atlas of Reformation and Angles {god gift}
  2210 | D        | Learned a level 4 spell: Iskenderun's Mystic Blast
  2224 | D        | Bought a ring of poison resistance for 260 gold pieces
  2562 | D        | Noticed an iron elemental
  2562 | D        | Noticed a hell hog
  2564 | D        | Noticed a hell hog
  2567 | D        | Noticed a golden dragon
  2567 | D        | Noticed a cacodemon
  2567 | D        | Noticed a storm dragon
  2573 | D        | Reached skill level 5 in Shields
  2574 | D        | Killed a hell hog
  2574 | D        | Killed a hell hog
  2575 | D        | Reached skill level 5 in Fighting
  2575 | D        | Reached skill level 10 in Invocations
  2582 | D        | Noticed a bone dragon
  2585 | D        | HP: 3/72 [bone dragon (26)]
  2585 | D        | Mangled by a bone dragon

Illustrated notes

Levels and vault maps discovered:
D:        the_violet_keep_of_menkaure [sprint2_stairs_cluster_1,
          sprint2_shoproom, sprint2_temple, sprint2_basic_supplies,
          sprint2_obstacle_6, sprint2_obstacle_1, sprint2_obstacle_2,
          sprint2_obstacle_3, sprint2_obstacle_5, sprint2_timed_cluster_1,
          sprint2_smallroom_cluster_1, sprint2_smallroom_final_cluster_1,
          sprint2_transparent_cluster_1, sprint2_second_timed_cluster_1,
          sprint2_sniper_area_1, sprint2_heavy_combat_area_1,
          sprint2_mutation_trap_area_1, sprint2_forest_area_1,
          sprint2_light_combat_area_1, sprint2_behind_water_1,
          sprint2_near_end_vault_1]

Skill      XL: |  1  2  3  4  5  6  7  8  9 10 11 |
---------------+----------------------------------+-----
Dodging        | 3 4 5 6 7 8 9 |  9.4
Stealth        | 4 |  4.8
Spellcasting   | 3 4 5 6 8 9 11 12 | 12.4
Fire Magic     | 6 7 9 10 12 13 14 | 14.8
Unarmed Combat | 1 |  1.4
Conjurations   | 3 5 7 8 9 10 11 | 11.0
Hexes          | 1 2 3 |  3.0
Invocations    | 5 8 10 | 10.1
Fighting       | 3 5 |  5.4
Shields        | 3 5 |  5.5
Translocations | 5 6 |  6.0
Ice Magic      | 3 4 |  4.1
Air Magic      | 3 4 |  4.1
Alchemy        | 3 4 |  4.5

Action                     |  1- 3 |  4- 6 |  7- 9 | 10-12 || total
---------------------------+-------+-------+-------+-------++-------
  Melee: Unarmed           |     4 |    12 |       |       ||    16
         Constrict         |     1 |     3 |     1 |     2 ||     7
         Tentacles         |       |     4 |     2 |     4 ||    10
         Staff             |       |       |     5 |    13 ||    18
         Dagger            |       |       |     1 |       ||     1
   Cast: Foxfire           |     2 |     4 |    15 |    24 ||    45
         Scorch            |       |     4 |    19 |    36 ||    59
         Inner Flame       |       |       |     8 |    14 ||    22
         Flame Wave        |       |       |     3 |     9 ||    12
         Mephitic Cloud    |       |       |       |     7 ||     7
         Freezing Cloud    |       |       |       |     4 ||     4
         Blink             |       |       |       |     3 ||     3
         Iskenderun's Myst |       |       |       |     8 ||     8
 Invoke: Channel Magic     |       |       |       |     2 ||     2
    Use: Potion            |     2 |     6 |     3 |     5 ||    16
         Scroll            |       |     8 |     3 |       ||    11
   Stab: Sleeping          |       |       |     2 |     1 ||     3
         Confused          |       |       |       |     1 ||     1
 Armour: Skin              |     1 |     6 |    16 |    40 ||    63
  Dodge: Dodged            |     2 |     6 |    19 |    18 ||    45

Table legend: (Time is in decaauts)
 A = Elapsed time spent in this place.
 B = Non-inter-level travel time spent in this place.
 C = Inter-level travel time spent in this place.
 D = Time resting spent in this place.
 E = Time spent auto-exploring this place.
 F = Levels seen in this place.
 G = Mean time per level.
                   A        B        C        D        E       F      G
               +--------+--------+--------+--------+--------+-----+--------+
         Total |   2584 |   2584 |      0 |   1223 |     68 |   1 | 2584.0 |
       Dungeon |   2584 |   2584 |      0 |   1223 |     68 |   1 | 2584.0 |
               +--------+--------+--------+--------+--------+-----+--------+

Top non-repeatable levels by time:
       D: 2584 daAuts
